 Dungeon Crawl Stone Soup version 0.16-a0-3807-g3748f16 (webtiles) character file.

212016 kroki the Severer (level 18, -4/158 (162) HPs)
             Began as a Deep Dwarf Berserker on Jan 23, 2015.
             Was a High Priest of Trog.
             Slain by an azure jelly (41 damage)
             ... created by the royal jelly
             ... on level 6 of the Pits of Slime on Jan 27, 2015.
             The game lasted 01:19:11 (30607 turns).

kroki the Severer (Deep Dwarf Berserker)           Turns: 30607, Time: 01:19:11

HP:   -4/158 (162)  AC: 14    Str: 27 (28) XL:     18   Next: 23%
MP:   3/26          EV: 16    Int:  5 (6)  God:    Trog [*****.]
Gold: 1535          SH:  0    Dex: 21 (23) Spells: 0 memorised, 17 levels left

rFire  . . .     SeeInvis +     t - +11 battleaxe {vamp, Contam rElec Str-4 Int-4 SInv}
rCold  . . .     Rnd*Rage +     J - +7 plate armour of the Tortoise {rCorr Str+4}
rNeg   + + .     SustAb   .     (no shield)
rPois  +         Gourm    .     r - +1 helmet of Elyvilon's Displeasure {Str+4 Int+4}
rElec  +         Spirit   .     b - +2 cloak
rCorr  +         Warding  .     I - -3 pair of gloves "Horo" {rElec rN+ MR+ Stlth-}
rMut   .         Stasis   .     Z - +1 pair of boots {run}
MR     +++++                    z - amulet of resist corrosion
Stlth  ..........               H - +1 ring of evasion
                                W - ring of poison resistance

@: mighty, agile, exhausted, corroded equipment, very slightly contaminated,
non-regenerating, rotting, slowed, very slow, almost entirely resistant to
hostile enchantments, extremely unstealthy
A: damage resistance, recharge devices, berserk 2, blurry vision 2, dopey 2,
frail 1, negative energy resistance 1, sense surroundings 3, screaming 1, slow
healing 3, weak 1, MP-powered wands 2
a: Device Recharging, Burn Spellbooks, Berserk, Trog's Hand, Brothers in Arms,
Renounce Religion
}: 1/15 runes: gossamer


You were on level 6 of the Pits of Slime.
You worshipped Trog.
Trog was extremely pleased with you.
You were not hungry.

You visited 5 branches of the dungeon, and saw 38 of its levels.
You also visited: Ossuary.

You collected 3364 gold pieces.
You spent 1829 gold pieces at shops.

Inventory:

Hand weapons
 e - a +8 vampiric battleaxe
   (Trog gifted it to you on level 12 of the Dungeon)
 t - the +11 battleaxe of the Original Sin (weapon) {vamp, Contam rElec Str-4 Int-4 SInv}
   (Trog gifted it to you on level 3 of the Spider Nest)

   It inflicts no extra harm, but heals its wielder somewhat when it strikes a
   living foe.
   It affects your strength (-4).
   It affects your intelligence (-4).
   It insulates you from electricity.
   It enhances your eyesight.
   It causes magical contamination when unequipped.
Missiles
 q - 5 tomahawks of returning (quivered)
 v - 5 poisoned javelins
 S - 7 javelins of penetration
 V - 13 silver javelins
 Y - 57 tomahawks
Armour
 b - a +2 cloak (worn)
   (You took it off Nikola on level 3 of the Spider Nest)
 g - a +0 fire dragon armour
   (You found it on level 4 of the Spider Nest)
 m - the +2 scale mail of Choy {rPois+ rF+ Str+2 Slay+3}
   (You found it on level 6 of the Dungeon)

   It affects your strength (+2).
   It affects your accuracy and damage with ranged weapons and melee attacks
   (+3).
   It protects you from fire.
   It protects you from poison.
 r - the +1 helmet of Elyvilon's Displeasure (worn) {Str+4 Int+4}
   (You found it on level 5 of the Spider Nest)

   It affects your strength (+4).
   It affects your intelligence (+4).
 I - the -3 pair of gloves "Horo" (worn) {rElec rN+ MR+ Stlth-}
   (You bought it in a shop on level 4 of the Orcish Mines)

   It insulates you from electricity.
   It protects you from negative energy.
   It affects your resistance to hostile enchantments.
   It makes you less stealthy.
 J - the +7 plate armour of the Tortoise (worn) {rCorr Str+4}
   (You found it on level 8 of the Lair of Beasts)

   It affects your strength (+4).
   It protects you from acid and corrosion.
 Z - a +1 pair of boots of running (worn)
   (You found it on level 7 of the Lair of Beasts)
Jewellery
 z - an amulet of resist corrosion (around neck)
   (You found it on level 4 of the Dungeon)
 H - a +1 ring of evasion (right hand)
   (You found it on level 2 of the Spider Nest)
 W - a ring of poison resistance (left hand)
   (You found it on level 7 of the Lair of Beasts)
Magical devices
 a - a wand of heal wounds (1)
   (You found it on level 6 of the Dungeon)
 c - a wand of heal wounds (7)
 x - a wand of draining (4)
   (You found it on level 14 of the Dungeon)
 D - a wand of disintegration (4)
   (You found it on level 5 of the Lair of Beasts)
 F - a wand of magic darts (15)
   (You found it on level 1 of the Spider Nest)
 L - a wand of enslavement (16)
   (You found it on level 3 of the Lair of Beasts)
 O - a wand of enslavement (9)
   (You found it on level 11 of the Dungeon)
 P - a wand of paralysis (16)
   (You found it on level 3 of the Lair of Beasts)
 Q - a wand of flame (12)
   (You found it on level 15 of the Dungeon)
 R - a wand of polymorph (8)
   (You bought it in a shop on level 4 of the Orcish Mines)
 T - a wand of teleportation (3)
   (You found it on level 15 of the Dungeon)
Scrolls
 h - 14 scrolls of remove curse
 i - a scroll of magic mapping
 j - 7 scrolls of teleportation
 p - 8 scrolls of fog
 y - a scroll of enchant weapon
 C - 4 scrolls of immolation
 K - 3 scrolls of fear
 N - a scroll of recharging
 X - 2 scrolls of blinking
Potions
 f - 8 potions of restore abilities
 k - 3 potions of might
 l - 4 potions of ambrosia
 n - 8 potions of curing
 o - 3 potions of invisibility
 s - 3 potions of agility
 u - a potion of mutation {!q}
 B - a potion of resistance
 E - 3 potions of haste
 G - 4 potions of cancellation
 M - 2 potions of magic
Books
 U - a book of Envenomations
   (You found it on level 3 of the Spider Nest)
Comestibles
 d - 17 bread rations
 A - 6 meat rations


   Skills:
 * Level 15.8 Fighting
 - Level 20.0 Axes
 - Level 9.5 Throwing
 * Level 18.9 Armour
 - Level 2.2 Dodging
 - Level 6.5 Evocations


You had 17 spell levels left.
You didn't know any spells.


Innate Abilities, Weirdness & Mutations

You are resistant to damage.
You can recharge devices by infusing magical energy.
You resist negative energy.
You passively map a large area around you.
You do not heal naturally.
You often lose your temper in combat.
Scrolls take you longer to read.
You are very dopey. (Int -4)
You are frail (-10% HP).
You occasionally shout uncontrollably at your foes.
You are weak. (Str -2)
You expend magic power (6 MP) to strengthen your wands.

Dungeon Overview and Level Annotations

Branches:
Dungeon (15/15)            Temple (0/1) D:5            Lair (8/8) D:8
  Swamp (0/5) Lair:4       Spider (5/5) Lair:3        Slime (6/6) Lair:6
    Orc (4/4) D:10            Elf (0/3) Orc:4        Vaults (0/5) D:13
 Depths (0/5) D:15

Altars:
Cheibriados
Dithmenos
Elyvilon
Fedhas
Gozag
Kikubaaqudgha
Makhleb
Okawaru
Ru
Sif Muna
Trog
Vehumet
Xom
The Shining One
Beogh
Jiyva

Shops:
Orc:4 ?}*[*

Annotations:
D:7 exclusion: moth of wrath

, *, , #.. * ,, ,, , ,,
$}$##.#(} *** , , ,
$:?##..##(} , , , ,
*#?$#[#.##:#![ ,, ,,, ,
#######..###### * ,, ,,
,, .#...#....#...# , ,
,, , *...#..GJG...#.. ,
, ########JJ####### ,
,, ###$!#|#@##}#)$##**
, , , ,
,##$$:=##..##?:($# *, ,
, ##):φ[=##.#!||}!# ,
,, ##%:[##..##}"$# .. ,
,.##)!(#.##$$)##.... ,
, ,,
.###(##..##$###.......
, , ,
.######.####...........
, ,
.#....................
, ,,,,
.......................


You could see an azure jelly, a slime creature, a shining eye, an eye of
devastation and a death ooze.


Message History

The azure jelly is almost dead.
You slash the death ooze!
You destroy the death ooze!
That felt strangely unrewarding.
You are no longer berserk.
You are exhausted.
You feel yourself slow down.
You take 36 damage.
Drink which item? (? for menu, Esc to quit)
You feel better.
The azure jelly hits you but does no damage.
The azure jelly misses you. The azure jelly hits you.
The azure jelly misses you. The death ooze closely misses you.
The death ooze misses you.
The azure jelly hits you but does no damage. x4
Use which ability? (? or * to list)
Your skin crawls.
You feel resistant to hostile enchantments.
You feel slightly more hungry. The death ooze hits you!!
* * * LOW HITPOINT WARNING * * *
You feel your flesh rotting away! x2
The death ooze completely misses you. The azure jelly barely misses you.
The azure jelly hits you.
* * * LOW HITPOINT WARNING * * *
The azure jelly freezes you!!
* * * LOW HITPOINT WARNING * * *
The azure jelly misses you. The azure jelly closely misses you.
The azure jelly hits you.
* * * LOW HITPOINT WARNING * * *
The azure jelly freezes you!!!
You die...

Notes
Turn   | Place    | Note
--------------------------------------------------------------
     0 | D:1      | kroki, the Deep Dwarf Berserker, began the quest for the Orb.
     0 | D:1      | Reached XP level 1. HP: 20/20 MP: 1/1
   348 | D:1      | Reached skill level 1 in Throwing
   533 | D:1      | Reached XP level 2. HP: 27/27 MP: 2/2
   780 | D:2      | Reached XP level 3. HP: 33/33 MP: 3/3
   793 | D:2      | Reached skill level 3 in Throwing
   835 | D:2      | Reached XP level 4. HP: 37/40 MP: 4/4
  1155 | D:2      | Noticed Sigmund
  1179 | D:2      | Killed Sigmund
  1179 | D:2      | Acquired Trog's second power
  1179 | D:2      | Reached skill level 4 in Throwing
  1179 | D:2      | Reached XP level 5. HP: 48/48 MP: 5/5
  1459 | D:2      | Found an opulent altar of Gozag.
  1557 | D:2      | Found a sacrificial altar of Ru.
  1917 | D:3      | Reached skill level 5 in Throwing
  1977 | D:3      | Found an iron altar of Okawaru.
  2117 | D:3      | Found a burning altar of Makhleb.
  2316 | D:4      | Noticed Meriados' ghost (average OpVM)
  2393 | D:4      | Reached XP level 6. HP: 55/55 MP: 6/6
  2395 | D:4      | Found a white marble altar of Elyvilon.
  2548 | D:4      | Found a radiant altar of Vehumet.
  2619 | D:4      | Killed Meriados' ghost
  2619 | D:4      | Reached skill level 6 in Throwing
  2677 | D:4      | Noticed Eustachio
  2691 | D:4      | Killed Eustachio
  2691 | D:4      | Reached XP level 7. HP: 61/61 MP: 7/7
  2703 | D:4      | Reached skill level 7 in Throwing
  2721 | D:4      | Received a gift from Trog
  2737 | D:4      | Acquired Trog's third power
  3011 | D:5      | Entered Level 5 of the Dungeon
  3074 | D:5      | Noticed Crazy Yiuf
  3080 | D:5      | Killed Crazy Yiuf
  3231 | D:5      | Noticed B1inky's ghost (experienced GrTm)
  3282 | D:5      | Killed B1inky's ghost
  3282 | D:5      | Reached skill level 8 in Throwing
  3282 | D:5      | Reached XP level 8. HP: 41/68 MP: 8/8
  3530 | D:5      | Received a gift from Trog
  3533 | D:5      | Reached skill level 3 in Armour
  3679 | D:5      | Found a staircase to the Ecumenical Temple.
  3796 | D:5      | Found a blossoming altar of Fedhas.
  3797 | D:5      | Found an ancient bone altar of Kikubaaqudgha.
  3951 | D:6      | Found a shadowy altar of Dithmenos.
  3975 | D:6      | Reached skill level 5 in Axes
  3991 | D:6      | Got a pitted scale mail
  4005 | D:6      | Identified the +2 scale mail of Choy {rPois+ rF+ rN- Str+2 Slay+3} (You found it on level 6 of the Dungeon)
  4085 | D:6      | Found a snail-covered altar of Cheibriados.
  4289 | D:6      | Found a bloodstained altar of Trog.
  4292 | D:6      | Reached skill level 5 in Armour
  4560 | D:6      | Reached skill level 6 in Axes
  4699 | D:7      | Found a sand-covered staircase.
  4708 | Ossuary  | Entered an ossuary
  5005 | Ossuary  | Noticed Menkaure
  5026 | Ossuary  | Killed Menkaure
  5026 | Ossuary  | Gained mutation: You passively map the area around you. [level up]
  5026 | Ossuary  | Reached XP level 9. HP: 74/74 MP: 9/9
  5108 | Ossuary  | Identified a scroll of acquirement
  5262 | D:7      | Reached skill level 6 in Armour
  5459 | D:7      | Noticed a moth of wrath
  5783 | D:7      | Reached skill level 8 in Axes
  5924 | D:7      | Reached skill level 9 in Axes
  6036 | D:8      | Found a deep blue altar of Sif Muna.
  6076 | D:8      | Found a glowing golden altar of the Shining One.
  6090 | D:8      | Reached skill level 10 in Axes
  6259 | D:8      | Received a gift from Trog
  6261 | D:8      | Reached XP level 10. HP: 82/82 MP: 10/10
  6263 | D:8      | Reached skill level 11 in Axes
  6269 | D:8      | Reached skill level 12 in Axes
  6276 | D:8      | Found a staircase to the Lair.
  6331 | D:8      | Got a smelly plate armour
  6439 | D:8      | Received a gift from Trog
  6737 | D:8      | Found a shimmering altar of Xom.
  7008 | D:8      | Noticed Edmund
  7008 | D:8      | Identified the cursed +0 plate armour of Sunlight {rF+} (You found it on level 8 of the Dungeon)
  7016 | D:8      | Killed Edmund
  7429 | Lair:1   | Entered Level 1 of the Lair of Beasts
  7543 | Lair:1   | Reached skill level 13 in Axes
  8205 | Lair:2   | Reached skill level 14 in Axes
  8276 | Lair:2   | Reached XP level 11. HP: 64/88 MP: 11/11
  8640 | Lair:2   | Received a gift from Trog
  9119 | Lair:3   | Noticed Maud
  9130 | Lair:3   | Killed Maud
  9178 | Lair:3   | Found a hole to the Spider Nest.
  9199 | Lair:3   | Reached skill level 15 in Axes
  9478 | Lair:3   | Received a gift from Trog
  9607 | Lair:3   | Reached skill level 16 in Axes
 10089 | Lair:4   | Found a staircase to the Swamp.
 10105 | Lair:4   | Received a gift from Trog
 10105 | Lair:4   | Reached skill level 3 in Fighting
 10266 | Lair:4   | Noticed an eight-headed hydra
 10272 | Lair:4   | Killed an eight-headed hydra
 10369 | Lair:4   | Reached XP level 12. HP: 97/100 MP: 12/12
 10671 | Lair:4   | Reached skill level 5 in Fighting
 10897 | Lair:4   | Reached skill level 8 in Armour
 11033 | Lair:4   | Noticed a six-headed hydra
 11048 | Lair:4   | Killed a seven-headed hydra
 11178 | Lair:4   | Received a gift from Trog
 11222 | Lair:4   | Noticed a five-headed hydra
 11710 | Lair:5   | Reached skill level 6 in Fighting
 11802 | Lair:5   | Upgraded the game from 0.16-a0-3758-g7fc8210 to 0.16-a0-3807-g3748f16
 11902 | Lair:5   | Got a transparent mace
 11917 | Lair:5   | Noticed a five-headed hydra
 11934 | Lair:5   | Killed a five-headed hydra
 12249 | Lair:6   | Reached skill level 10 in Armour
 12280 | Lair:6   | Found a staircase to the Slime Pits.
 12521 | Lair:6   | Received a gift from Trog
 12701 | Lair:6   | Reached XP level 13. HP: 115/117 MP: 13/13
 12711 | Lair:6   | Received a gift from Trog
 12722 | Lair:6   | Identified the cursed +0 mace of Circularity {crush, rN+ MP-9 Str-5 Int-5 Dex+8 SInv} (You found it on level 5 of the Lair of Beasts)
 13215 | Slime:1  | Entered Level 1 of the Pits of Slime
 13220 | Lair:6   | Reached skill level 8 in Fighting
 13384 | Lair:7   | Received a gift from Trog
 13410 | Lair:7   | Reached skill level 17 in Axes
 13558 | Lair:7   | Noticed Harold
 13571 | Lair:7   | Killed Harold
 13707 | Lair:7   | Noticed Erica
 13713 | Lair:7   | Killed Erica
 13748 | Lair:7   | Noticed Fannar
 13778 | Lair:7   | Killed Fannar
 14172 | Lair:8   | Entered Level 8 of the Lair of Beasts
 14390 | Lair:7   | Reached skill level 12 in Armour
 14670 | Lair:8   | Received a gift from Trog
 14676 | Lair:8   | Gained mutation: You resist negative energy. [level up]
 14676 | Lair:8   | Reached XP level 14. HP: 130/130 MP: 14/14
 14688 | Lair:8   | Reached skill level 10 in Fighting
 14751 | Lair:8   | Noticed Nergalle
 14758 | Lair:8   | Killed Nergalle
 14923 | Lair:8   | Got an ancient plate armour
 14930 | Lair:8   | Received a gift from Trog
 14962 | Lair:8   | Identified the +7 plate armour of the Tortoise {rCorr Str+4} (You found it on level 8 of the Lair of Beasts)
 15128 | Lair:8   | Received a gift from Trog
 15717 | Lair:4   | Killed a five-headed hydra
 16048 | D:9      | Noticed 4thArraOfDagon's ghost (experienced GrAE)
 16056 | D:9      | Killed 4thArraOfDagon's ghost
 16056 | D:9      | Reached skill level 18 in Axes
 16153 | D:9      | Noticed Grum
 16166 | D:9      | Killed Grum
 16258 | D:9      | Received a gift from Trog
 16429 | D:10     | Entered Level 10 of the Dungeon
 17223 | D:10     | Found a staircase to the Orcish Mines.
 17227 | Orc:1    | Entered Level 1 of the Orcish Mines
 17263 | Orc:1    | Received a gift from Trog
 17533 | Orc:2    | Received a gift from Trog
 17584 | Orc:2    | Found a roughly hewn altar of Beogh.
 17677 | Orc:2    | Received a gift from Trog
 17687 | Orc:2    | Found a roughly hewn altar of Beogh.
 17895 | Orc:3    | Received a gift from Trog
 18289 | Orc:3    | Received a gift from Trog
 18576 | Orc:3    | Received a gift from Trog
 19185 | Orc:4    | Entered Level 4 of the Orcish Mines
 19263 | Orc:4    | Received a gift from Trog
 19333 | Orc:4    | Found a staircase to the Elven Halls.
 19469 | Orc:4    | Found Boak's Magic Scroll Boutique.
 19472 | Orc:4    | Received a gift from Trog
 19502 | Orc:4    | Reached skill level 19 in Axes
 19536 | Orc:4    | Found Estra's Gadget Shop.
 19543 | Orc:4    | Found Tre Sul's Armour Shop.
 19576 | Orc:4    | Bought a scroll of recharging for 133 gold pieces
 19576 | Orc:4    | Bought a scroll of magic mapping for 49 gold pieces
 19705 | Orc:4    | Received a gift from Trog
 19743 | Orc:4    | Found Coushaddum's Assorted Antiques.
 19827 | Orc:4    | Received a gift from Trog
 19863 | Orc:4    | Found Baad Ika's Assorted Antiques.
 19876 | Orc:4    | Bought a pair of pitted gloves for 256 gold pieces
 19886 | Orc:4    | Identified the cursed -3 pair of gloves "Horo" {rElec rN+ MR+ Stlth-} (You bought it in a shop on level 4 of the Orcish Mines)
 19891 | Orc:4    | Bought a scroll of acquirement for 1196 gold pieces
 19891 | Orc:4    | Bought a runed bronze wand for 92 gold pieces
 20111 | Orc:4    | Bought a pair of embroidered gloves for 103 gold pieces
 20372 | D:11     | Noticed hackum's ghost (powerful DgAr)
 20395 | D:11     | Killed hackum's ghost
 20395 | D:11     | Reached XP level 15. HP: 118/140 MP: 14/14
 20566 | D:11     | Received a gift from Trog
 21194 | D:12     | Reached skill level 20 in Axes
 21240 | D:12     | Found a roughly hewn altar of Beogh.
 21581 | D:13     | Received a gift from Trog
 21581 | D:13     | Reached skill level 1 in Evocations
 21924 | D:13     | Found a glowing golden altar of the Shining One.
 22096 | D:13     | Reached skill level 3 in Evocations
 22609 | D:13     | Found a gate to the Vaults.
 22999 | D:14     | Reached skill level 14 in Armour
 23037 | D:14     | Received a gift from Trog
 23265 | D:14     | Got a scintillating iron ring
 23297 | D:14     | Identified the ring of Fikol {+cTele rPois+} (You found it on level 14 of the Dungeon)
 23407 | D:14     | Reached skill level 5 in Evocations
 23449 | D:14     | Found an iron altar of Okawaru.
 23583 | D:15     | Entered Level 15 of the Dungeon
 23635 | D:15     | Noticed Azrael
 23667 | D:15     | Killed Azrael
 24093 | D:15     | Noticed Rupert
 24105 | D:15     | Killed Rupert
 24105 | D:15     | Reached skill level 6 in Evocations
 24149 | D:15     | Found a staircase to the Depths.
 24696 | D:12     | Received a gift from Trog
 24880 | D:9      | Reached XP level 16. HP: 152/152 MP: 24/24
 25048 | Spider:1 | Entered Level 1 of the Spider Nest
 25481 | Spider:1 | Reached skill level 12 in Fighting
 25783 | Spider:1 | Noticed Donald
 25801 | Spider:1 | Killed Donald
 25805 | Spider:1 | Received a gift from Trog
 26966 | Spider:3 | Received a gift from Trog
 26971 | Spider:3 | Got a crystal battleaxe {god gift}
 26972 | Spider:3 | Identified the +11 battleaxe of the Original Sin {vamp, Contam rElec Str-4 Int-4 SInv} (Trog gifted it to you on level 3 of the Spider Nest)
 27332 | Spider:3 | Noticed Nikola
 27350 | Spider:3 | Killed Nikola
 27598 | Spider:3 | Received a gift from Trog
 27768 | Spider:4 | Reached skill level 16 in Armour
 27861 | Spider:4 | Received a gift from Trog
 28050 | Spider:4 | Received a gift from Trog
 28299 | Spider:5 | Entered Level 5 of the Spider Nest
 28299 | Spider:5 | Noticed Wiglaf
 28313 | Spider:5 | Killed Wiglaf
 28474 | Spider:5 | Noticed Jorgrun
 28485 | Spider:5 | Killed Jorgrun
 28510 | Spider:5 | Got a shimmering helmet
 28526 | Spider:5 | Identified the +1 helmet of Elyvilon's Displeasure {Str+4 Int+4} (You found it on level 5 of the Spider Nest)
 28546 | Spider:5 | Received a gift from Trog
 28590 | Spider:5 | Received a gift from Trog
 28652 | Spider:5 | Reached XP level 17. HP: 162/165 MP: 25/25
 28787 | Spider:5 | Received a gift from Trog
 28965 | Spider:5 | Reached skill level 14 in Fighting
 28968 | Spider:5 | Noticed emiel's ghost (mighty NaBe)
 28987 | Spider:5 | Killed emiel's ghost
 29631 | Spider:5 | Received a gift from Trog
 29658 | Spider:5 | Got a gossamer rune of Zot
 30148 | Slime:1  | Gained mutation: Scrolls take you a little longer to read. [a shining eye]
 30149 | Slime:1  | Noticed an acid blob
 30150 | Slime:1  | Gained mutation: Scrolls take you longer to read. [a shining eye]
 30151 | Slime:1  | Gained mutation: You expend magic power (3 MP) to slightly strengthen your wands. [a shining eye]
 30199 | Slime:3  | Gained mutation: You are weak. (Str -2) [a shining eye]
 30250 | Slime:3  | Gained mutation: You are dopey. (Int -2) [a shining eye]
 30275 | Slime:3  | Gained mutation: You are frail (-10% HP). [a shining eye]
 30277 | Slime:3  | Gained mutation: You tend to lose your temper in combat. [a shining eye]
 30280 | Slime:3  | Lost mutation: You are frail (-10% HP). [a shining eye]
 30293 | Slime:3  | Reached skill level 18 in Armour
 30306 | Slime:3  | Gained mutation: You are very dopey. (Int -4) [a shining eye]
 30428 | Slime:4  | Gained mutation: You occasionally shout uncontrollably at your foes. [a shining eye]
 30438 | Slime:5  | Received a gift from Trog
 30442 | Slime:5  | Gained mutation: You often lose your temper in combat. [a shining eye]
 30463 | Slime:6  | Entered Level 6 of the Pits of Slime
 30498 | Slime:6  | Gained mutation: You are frail (-10% HP). [a shining eye]
 30499 | Slime:6  | Gained mutation: You expend magic power (6 MP) to strengthen your wands. [a shining eye]
 30527 | Slime:6  | Found a viscous altar of Jiyva.
 30528 | Slime:6  | Noticed the royal jelly
 30556 | Slime:6  | Killed the royal jelly
 30556 | Slime:6  | Gained mutation: You passively map a large area around you. [level up]
 30556 | Slime:6  | Reached XP level 18. HP: 162/162 MP: 8/26
 30607 | Slime:6  | Slain by an azure jelly

Vanquished Creatures
  the royal jelly (Slime:6)
  Nikola (Spider:3)
  12 acid blobs
  Rupert (D:15)
  9 azure jellies (Slime:6)
  Donald (Spider:1)
  Wiglaf (Spider:5)
  6 emperor scorpions
  6 ghost moths (Spider:5)
  Jorgrun (Spider:5)
  Azrael (D:15)
  A fire dragon (D:14)
  3 death oozes (Slime:6)
  3 vault guards (D:13)
  A yaktaur captain (D:15)
  A rakshasa (D:14)
  The ghost of hackum the Nimble, a powerful DgAr (D:11)
  A great orb of eyes (Slime:5)
  Fannar (Lair:7)
  Harold (Lair:7)
  4 hydras
  Erica (Lair:7)
  5 centaur warriors
  12 death yaks
  3 ogre magi
  Nergalle (Lair:8)
  A fire crab (Lair:8)
  4 hill giants
  5 unseen horrors
  2 deep trolls (Orc:4)
  11 orb spiders
  A wolf spider zombie (D:15)
  An orc sorcerer (D:13)
  5 shining eyes
  4 orc knights
  26 wolf spiders
  8 hornets
  2 griffons (Lair:5)
  4 cyclopes
  19 elephants
  12 ugly things
  The ghost of 4thArraOfDagon the Insei, an experienced GrAE of Ru (D:9)
  3 moths of wrath
  3 torpor snails
  The ghost of B1inky the Insei, an experienced GrTm (D:5)
  4 black mambas
  2 gargoyles
  3 yaktaurs
  9 komodo dragons
  6 demonic crawlers
  19 spiny frogs
  4 red devils (D:13)
  A freezing wraith (D:15)
  11 trolls
  2 efreet
  2 giant leeches
  3 tengu conjurers
  30 jumping spiders
  10 two-headed ogres
  2 boulder beetles
  5 ravens
  54 slime creatures
  18 blink frogs
  2 basilisks
  32 tarantellas
  3 wyverns
  57 redbacks
  21 trapdoor spiders
  4 deep elf magi
  14 hippogriffs
  4 fire elementals (D:15)
  A human (D:13)
  48 yaks
  Eustachio (D:4)
  9 wolves
  2 hungry ghosts
  Grum (D:9)
  16 vampire mosquitoes
  A shadow (D:15)
  A wraith (D:13)
  5 wargs
  3 hell hounds (D:15)
  Edmund (D:8)
  Menkaure (Ossuary)
  8 water moccasins
  The ghost of Meriados the Stinger, an average OpVM of Ru (D:4)
  A mottled dragon (D:14)
  32 spiders
  2 phantoms
  11 porcupines
  31 orc warriors
  An eye of draining (shapeshifter) (D:14)
  2 wasps
  5 centaurs
  4 black bears
  2 eyes of draining
  3 sky beasts
  26 ogres
  3 necrophages
  5 boggarts (D:14)
  8 ice beasts
  12 crocodiles
  2 boring beetles
  Sigmund (D:2)
  A brain worm (shapeshifter) (D:15)
  A big kobold (D:8)
  40 giant frogs
  4 scorpions
  12 killer bees
  7 electric eels
  5 wights (D:7)
  14 crimson imps
  A quasit (D:12)
  25 orc priests
  2 giant frog zombies
  Crazy Yiuf (D:5)
  7 hounds
  5 centaur skeletons
  26 jellies
  24 orc wizards
  A giant frog skeleton (D:7)
  2 killer bee zombies
  9 worker ants
  5 iguanas
  31 sheep
  4 mummies
  A worker ant zombie (D:7)
  18 gnolls
  48 river rats
  3 shadow imps
  29 adders
  2 giant mites
  2 white imps (D:10)
  6 worms
  4 giant geckos
  An ooze (Lair:6)
  210 orcs
  12 bats
  A bat zombie (D:9)
  3 giant cockroaches
  5 gnoll zombies (Ossuary)
  15 goblins
  16 hobgoblins
  23 jackals
  20 kobolds
  10 quokkas
  A ball python (D:3)
  A giant gecko skeleton (D:4)
  5 giant newts
  A giant spore (D:13)
  2 gnoll skeletons (Ossuary)
  3 goblin skeletons
  3 goblin zombies
  2 hobgoblin skeletons (Ossuary)
  9 hobgoblin zombies
  6 kobold skeletons
  4 kobold zombies
  3 orc skeletons
  7 orc zombies
  13 rats
  2 rat skeletons (Ossuary)
  2 rat zombies (Ossuary)
  A ballistomycete (D:13)
  2 bushes (Lair:5)
  8 fungi
  16 plants
1511 creatures vanquished.

Vanquished Creatures (collateral kills)
  The ghost of emiel the Impaler, a mighty NaBe of Trog (Spider:5)
  An acid blob (Slime:3)
  An azure jelly (Slime:3)
  Maud (Lair:3)
  An emperor scorpion (Spider:5)
  A death ooze (Slime:6)
  A hornet (Spider:5)
  A torpor snail (Spider:5)
  A jumping spider (Spider:5)
  A blink frog (Lair:8)
  A redback (Spider:5)
  A tarantella (Spider:5)
12 creatures vanquished.

Vanquished Creatures (others)
  2 deep trolls
  A two-headed ogre (Lair:5)
  A troll (Slime:3)
  An ogre (Lair:4)
  A hound (Lair:3)
  3 river rats (Lair:3)
  2 orcs (D:4)
  A bat (D:4)
  2 gnoll skeletons (Ossuary)
  A goblin skeleton (Ossuary)
  2 hobgoblin skeletons (Ossuary)
  2 hobgoblin zombies (Ossuary)
  2 kobold skeletons (Ossuary)
  A kobold zombie (Ossuary)
  2 orc skeletons (Ossuary)
  An orc zombie (Ossuary)
  A rat skeleton (Ossuary)
  A rat zombie (Ossuary)
  6 fungi
  7 plants (Lair:8)
40 creatures vanquished.

Grand Total: 1563 creatures vanquished

Action                   |  1- 3 |  4- 6 |  7- 9 | 10-12 | 13-15 | 16-18 || total
-------------------------+-------+-------+-------+-------+-------+-------++-------
Melee: Hand axe          |    35 |   145 |   126 |       |       |       ||   306
       War axe           |       |       |    64 |       |       |       ||    64
       Battleaxe         |       |       |    66 |   331 |  1141 |   860 ||  2398
       Unarmed           |       |       |       |       |    17 |       ||    17
Throw: Javelin           |    20 |    71 |   167 |   193 |   565 |   132 ||  1148
       Tomahawk          |     2 |    14 |    68 |    84 |   304 |   307 ||   779
Invok: Berserk           |     2 |     6 |    11 |    10 |     8 |       ||    37
       Trog's Hand       |       |       |     3 |    10 |    50 |    12 ||    75
       Brothers in Arms  |       |       |       |     2 |     1 |     6 ||     9
       Burn Spellbooks   |       |       |       |     2 |     2 |     4 ||     8
 Abil: Device Recharging |       |       |       |       |     1 |       ||     1
Evoke: Wand              |       |     1 |     7 |    15 |    24 |     5 ||    52
  Use: Scroll            |       |    16 |    14 |    13 |    21 |     4 ||    68
       Potion            |       |       |       |       |     4 |     7 ||    11
 Stab: Paralysed         |       |       |       |     3 |       |       ||     3
       Confused          |       |       |       |       |     2 |       ||     2
       Held in net/web   |       |       |       |       |       |     1 ||     1
       Distracted        |       |       |       |       |       |     3 ||     3
  Eat: Chunk             |     2 |     9 |    11 |    26 |     7 |       ||    55
       Bread ration      |       |     1 |     1 |       |     8 |     1 ||    11
       Royal jelly       |       |       |     2 |       |       |       ||     2
       Pizza             |       |       |     1 |       |     2 |     1 ||     4
       Beef jerky        |       |       |       |     5 |     1 |     1 ||     7
       Fruit             |       |       |       |       |     6 |       ||     6
       Meat ration       |       |       |       |       |     3 |     4 ||     7

Vault maps used:
D:1:      lightli_arrival_farm, nrook_loot_triangle
D:2:      nicolae_gozag_cash_rules_everything_around_me,
          lemuel_coloured_pillars_altar, minmay_misc_feat_more_columns,
          uniq_sigmund
D:3:      lemuel_doored_altar, old_standard_altar, columned_hall_lemuel
D:4:      old_standard_altar, vehumet_crystals, first_bread,
          lemuel_old_faithful, uniq_eustachio
D:5:      grunt_temple_overflow_growth_and_decay,
          minmay_temple_entry_from_below_a, uniq_crazy_yiuf_cottage
D:6:      cheibriados_altar_1, grunt_dithmenos_smoke_and_mirrors, basic_altar
D:7:      tgw_trog, nicolae_ossuary_entry_ruins, grunt_ogre_cave
D:8:      overflow_temple_1_default, nicolae_tso_besieged_by_evil,
          minmay_lair_entry_grove, basic_altar, uniq_edmund
D:9:      uniq_grum
D:10:     orc_0_dummy, minmay_nine_imps
D:12:     serial_glass, glass_columns_c, glass_columns_b, glass_columns_b,
          glass_columns_a, special_room
D:13:     grunt_vaults_entry_fortified, basic_altar,
          einodemon_armed_red_devil_minivault
D:14:     minmay_staircase_bubble, okawaru_ov_weapons_minmay
D:15:     grunt_enter_depths_snipers, minmay_misc_feat_pillars, uniq_rupert,
          uniq_azrael
Lair:2:   mumra_transporter_accident
Lair:3:   spider_nest_entry_funnel_web, infiniplex_staircase_pool, uniq_maud
Lair:4:   forest_paths, swamp_mist, pond
Lair:5:   grunt_forest_large_clearings, lemuel_fruit_fields
Lair:6:   minmay_slime_entry_jelly_boxes, serial_bayou_shore_a
Lair:7:   serial_bayou_pond_a, uniq_fannar, uniq_harold, uniq_erica
Lair:8:   minmay_lair_end_frog_pond, minivault_23, uniq_nergalle
Spider:1: uniq_donald
Spider:2: spider_trap, nicolae_spider_webs_and_nodes, nicolae_spider_cling_halls
Spider:3: uniq_nikola
Spider:4: nicolae_spider_mines_3
Spider:5: spider_rune_water, spider_trap, uniq_wiglaf, uniq_jorgrun
Orc:2:    basic_altar, mines2_david
Orc:3:    nicolae_orc_pool_cavern
Orc:4:    st_orc_open, serial_shops, shop
Ossuary:  ossuary_due_pyramid
